Cogmind - Beta 17 @@@ ROGUE MODE // 2026.07.30 @ 22:03:18 Player: TheSkyeDoctor Result: Destroyed by V3-D6O(R) with Subdweller Beam Cannon Performance ------------- Evolutions (0) 0 Regions Visited (2) 400 Robots Destroyed (29) 145 Value Destroyed (877) 877 Prototype IDs (15) 300 Alien Tech Used (0) 0 Bonus (5900) 5900 TOTAL SCORE: 7622 Bonus ------- Prayed to X0-1V1 5000 Major X0-1V1 Interference 900 Cogmind --------- Core Integrity 0/150 Matter 5/700 Energy 100/100 System Corruption 0% Temperature Cool (9) Movement Treading (160) Location -10/Subcaves Parts ------- > --- POWER (2) -------- (None) > --- PROPULSION (2) --- Light Treads (fused) > --- UTILITY (2) ------ Small Storage Unit X0-1V1's Piety Tracker > --- WEAPON (1) ------- Flamer > --- INVENTORY (8) ---- Wheel Improved Heat Sink Improved Terrain Scanner Seismic Detector Heavy EM Pulse Gun Rocket Launcher Peak State ------------ > --- POWER ------------ Light Ion Engine > --- PROPULSION ------- Light Treads Light Treads > --- UTILITY ---------- Small Storage Unit X0-1V1's Piety Tracker > --- WEAPON ----------- Light Cannon Grenade Launcher > --- INVENTORY -------- Light Ion Engine Light Treads Wheel Improved Heat Sink Improved Terrain Scanner Seismic Detector Seismic Detector Rocket Launcher [Rating: 20] Favorites ----------- Power Light Ion Engine Engine Light Ion Engine Propulsion Light Treads Treads Light Treads Wheel Wheel Utility Small Storage Unit Device X0-1V1's Piety Tracker Storage Small Storage Unit Weapon Grenade Launcher Energy Gun Small Laser Ballistic Cannon Light Cannon Launcher Grenade Launcher Special Weapon Flamer Build | -11 -10 -10 ------- Run | Yrd Mat Sub Slots Evolved . | . . . Power . | . . . Propulsion . | . . . Utility . | . . . Weapon . | . . . Parts Attached 18 | 9 3 6 Power 2 | 1 . 1 Engine 2 | 1 . 1 Core . | . . . Reactor . | . . . Propulsion 4 | 3 . 1 Treads 3 | 2 . 1 Leg . | . . . Wheel 1 | 1 . . Hover . | . . . Flight . | . . . Utility 6 | 3 1 2 Device 5 | 2 1 2 Storage 1 | 1 . . Processor . | . . . Hackware . | . . . Protection . | . . . Artifact . | . . . Weapon 6 | 2 2 2 Energy Gun 2 | 2 . . Energy Cannon . | . . . Ballistic Gun . | . . . Ballistic Cannon 1 | . 1 . Launcher 2 | . 1 1 Special Weapon 1 | . . 1 Impact Weapon . | . . . Slashing Weapon . | . . . Piercing Weapon . | . . . Special Melee Weapon . | . . . Unidentified Prototypes 1 | . 1 . Parts Lost 8 | . 1 7 Power 2 | . . 2 Propulsion 2 | . . 2 Utility 2 | . . 2 Weapon 2 | . 1 1 Highest Loss Streak 4 | . 1 4 To Critical Strikes . | . . . Average Backups 6 | 1 6 7 Power . | . 1 . Propulsion 1 | . 1 1 Utility 2 | . 2 3 Weapon 1 | . 1 2 Tool/Special . | . . . Unused Backups 3 | . . 3 Power . | . . . Propulsion . | . . . Utility 2 | . . 2 Weapon 1 | . . 1 Tool/Special . | . . . Average Slot Usage (%) 89 | . 99 82 Engine 12 | . 14 11 Treads 25 | . 28 23 Device 12 | . 14 11 Storage 14 | . 14 14 Energy Gun 4 | . 11 . Ballistic Cannon 8 | . 10 6 Launcher 8 | . 6 9 Special Weapon 2 | . . 4 Peak Build Rating 20 | 7 20 20 Average Rating 12 | 5 7 17 On Entrance 9 | . 7 20 Avg Prop Armor Cover (%) 15 | 15 . . Naked Turns . | . . . Heaviest Build 15 | 11 15 15 Greatest Support 40 | 40 40 40 Greatest Overweight (x) 3 | 3 . . Average Overweight (x) . | . . . Largest Inventory Capacity 8 | 8 8 8 Average Capacity 7 | 7 8 8 Most Carried 8 | 4 8 8 Average Carried 6 | 2 6 7 Final Capacity 8 | 8 8 8 Final Carried 8 | 4 8 6 Class Distribution -------------------- 100% | Mutant Dominant Class ---------------- Mutant | -10/Materials Mutant | -10/Subcaves Resources | -11 -10 -10 ----------- Run | Yrd Mat Sub Matter Collected 465 | 283 120 62 Remotely . | . . . Salvage Created 771 | 66 425 280 Parts 56 | 9 21 26 Haulers Intercepted . | . . . Recyclers Shooed . | . . . Parts Field Recycled . | . . . Retrieved Matter . | . . . Parts Self-Destructed 21 | . . 21 Prevented . | . . . Parts Restored . | . . . Kills | -11 -10 -10 ------- Run | Yrd Mat Sub Combat Hostiles Destroyed 25 | . 9 16 Guns 3 | . 3 . Cannons 7 | . 2 5 AOE 15 | . 4 11 Classes Destroyed 6 | 1 2 3 Tunneler 3 | 3 . . Recycler 1 | . 1 . Swarmer 3 | . . 3 Grunt 19 | . 9 10 Sentry 1 | . . 1 Subdweller 2 | . . 2 Best Kill Streak 5 | 2 4 5 Combat Bots Only 5 | . 3 5 Max Kills in Single Turn 3 | 1 3 3 Gunslinging . | . . . Exploded 3 | . 2 3 Melee . | . . . Uniques/NPCs Destroyed . | . . . Combat | -11 -10 -10 -------- Run | Yrd Mat Sub Hostile Shots Fired 97 | . 32 65 Missed 24 | . 6 18 Hits 73 | . 26 47 Projectile 73 | . 26 47 Critical Strikes 3 | . 3 . Damage Taken 1083 | . 382 701 Core 214 | . 59 155 Absorbed by Shields . | . . . Ignored by Resistances 13 | . . 13 Core Remaining (%) 100 | 100 . . Volleys Fired 61 | 9 24 28 Largest 2 | 2 2 2 Hottest 100 | 80 80 100 Shots Fired 103 | 18 47 38 Gun 43 | 18 25 . Cannon 29 | . 19 10 Launcher 26 | . 3 23 Special 5 | . . 5 Kinetic 29 | . 19 10 Thermal 48 | 18 25 5 Explosive 26 | . 3 23 Electromagnetic . | . . . Robot Hit Streak 11 | 6 11 8 Robot Miss Streak 3 | 3 3 2 Penetration Max . | . . . Secondary Targets 1 | . 1 . Max Gunslinging Chain 1 | . 1 . Shots Hit Robots 62 | 12 31 19 Core Hits 50 | 4 20 26 Critical Kills . | . . . Critical Parts Destroyed . | . . . Critical Strikes 2 | . 1 1 Burn 1 | . . 1 Blast 1 | . 1 . Melee Attacks . | . . . Impact . | . . . Slashing . | . . . Piercing . | . . . Sneak Attacks . | . . . Combat Hostiles . | . . . Follow-up Attacks . | . . . Damage Inflicted 2046 | 131 635 1280 Guns 322 | 131 191 . Cannons 336 | . 220 116 Explosions 1335 | . 224 1111 Melee . | . . . Ramming . | . . . Kinetic 336 | . 220 116 Thermal 375 | 131 191 53 Explosive 1335 | . 224 1111 Electromagnetic . | . . . Impact . | . . . Slashing . | . . . Piercing . | . . . Highest Corruption 1 | . 1 1 Average Corruption 1 | . 1 1 Corruption Purged . | . . . Corruption Blocked . | . . . Effects 2 | . 2 . Matter Fused 2 | . 2 . Overload Shots . | . . . Overflow Damage . | . . . Projectiles . | . . . Explosions . | . . . Melee . | . . . Knockbacks 2 | . 1 1 Impact . | . . . Kinetic 2 | . 1 1 Secondary . | . . . Self-Inflicted Damage 109 | . 18 91 Shots 6 | . 1 5 Rammed . | . . . Targets Rammed . | . . . Kicked . | . . . Crushed . | . . . Highest Temperature 198 | 126 198 5 Average Temperature 65 | 55 70 5 Received Heat Transfer 477 | . 258 219 Siege Activations . | . . . Martial Activations . | . . . Shielding Activations . | . . . Robots Disrupted . | . . . Combat Hostiles . | . . . Robots Corrupted . | . . . Combat Hostiles . | . . . Parts Fried . | . . . Impact Corruptions . | . . . Robots Melted . | . . . Combat Hostiles . | . . . Parts Melted 1 | . 1 . Heat Transferred 1285 | 300 425 560 Parts Sabotaged . | . . . Parts Stolen . | . . . Parts Stripped . | . . . Power Chain Reactions . | . . . Alert | -11 -10 -10 ------- Run | Yrd Mat Sub Maximum Alert Level . | . . . Low Security (%) 100 | 100 100 . Level 1 . | . . . Level 2 . | . . . Level 3 . | . . . Level 4 . | . . . Level 5 . | . . . High Security . | . . . Max Security . | . . . Peak Influence 145 | 5 145 . Initial . | . . . Average 37 | . 46 . Influence Increases 587 | 15 292 280 Destroy 0b10 Robot/C 460 | . 180 280 Destroy 0b10 Robot/NC 20 | 15 5 . Destroy Leader 50 | . 50 . Successful Hack 5 | . 5 . Disable Machine 15 | . 15 . Destroy Structure 22 | . 22 . Lose Combat Pursuer 15 | . 15 . Influence Decreases 587 | 15 275 297 Entered New Map 9 | . . 9 Time Decay 508 | 15 265 228 Lost Part 70 | . 10 60 Squads Dispatched 2 | . 2 . Investigation . | . . . Extermination . | . . . Reinforcement 2 | . 2 . Assault . | . . . Garrison . | . . . Intercept . | . . . Searches Triggered . | . . . Construction Impeded . | . . . Haulers Reinforced . | . . . Active Scanning Responses . | . . . Cargo Convoy Interrupts . | . . . Stealth | -11 -10 -10 --------- Run | Yrd Mat Sub Distress Signals . | . . . Communications Jammed . | . . . Distress Signals . | . . . Times Spotted 33 | . 14 19 Peak Tracking Total 5 | . 4 5 Tactical Retreats 1 | . 1 . Traps | -11 -10 -10 ------- Run | Yrd Mat Sub Traps Triggered 2 | . 1 1 Indirectly . | . . . Trap Hack Attempts . | . . . Triggered . | . . . Disarmed . | . . . Reprogrammed . | . . . Reused . | . . . Traps Extracted . | . . . Installed . | . . . Triggered . | . . . Machines | -11 -10 -10 ---------- Run | Yrd Mat Sub Machines Disabled 1 | . 1 . Max in Single Turn 1 | . 1 . Machines Repaired . | . . . Machines Dismantled . | . . . Machines Sabotaged . | . . . Overloaded Fab Kills . | . . . Hacking | -11 -10 -10 --------- Run | Yrd Mat Sub Machines Accessed 3 | . 2 1 Terminals 2 | . 2 . Fabricators . | . . . Repair Stations . | . . . Recycling Units . | . . . Scanalyzers . | . . . Garrison Access . | . . . Total Hacks 8 | . 7 1 Successful 2 | . 1 1 Failed 6 | . 6 . Catastrophic . | . . . Database Lockouts . | . . . Manual 6 | . 6 . Terminals 7 | . 7 . Fabricators . | . . . Repair Stations . | . . . Recycling Units . | . . . Scanalyzers . | . . . Garrison Access . | . . . Terminal Hacks 1 | . . 1 Proto ID Catalog 1 | . . 1 Fabricator Hacks . | . . . Repair Station Hacks . | . . . Recycling Unit Hacks . | . . . Scanalyzer . | . . . Garrison Access Hacks . | . . . Unauthorized Hacks 1 | . 1 . Terminals 1 | . 1 . Botnet 1 | . 1 . Fabricators . | . . . Repair Stations . | . . . Recycling Units . | . . . Scanalyzers . | . . . Garrison Access . | . . . Data Cores Recovered . | . . . Used . | . . . Hacking Detections 1 | . 1 . Full Trace Events . | . . . Feedback Events . | . . . Feedback Blocked . | . . . Robot Schematics Acquired . | . . . Robots Built . | . . . Authchips . | . . . Time . | . . . Total Robot Build Rating . | . . . Part Schematics Acquired . | . . . Parts Built . | . . . Authchips . | . . . Time . | . . . Total Part Build Rating . | . . . Part Studies Acquired . | . . . Parts Repaired . | . . . Time . | . . . Parts Recycled . | . . . Recycled Matter . | . . . Retrieved Matter . | . . . Retrieved Components . | . . . Parts Scanalyzed . | . . . Part Schematics Acquired . | . . . Parts Damaged . | . . . Bothacking | -11 -10 -10 ------------ Run | Yrd Mat Sub Used RIF Installer . | . . . Robots Hacked . | . . . Non-combat . | . . . Combat . | . . . Robot Hacks Applied . | . . . Relay Couplers Released . | . . . Fabnet Peak Effective % . | . . . Robots Rewired . | . . . Allies Hacked . | . . . Hacks Repelled . | . . . Allies | -11 -10 -10 -------- Run | Yrd Mat Sub Total Allies . | . . . Largest Group . | . . . Highest-Rated Group . | . . . Highest-Rated Ally . | . . . Total Orders . | . . . Ally Attacks . | . . . Total Damage . | . . . Kills . | . . . Allies Corrupted . | . . . Allies Melted . | . . . X0-1V1 Amusement Gains 29 | . 19 10 Good Acts 8 | . . 8 Bad Acts 9 | . . 9 Intel | -11 -10 -10 ------- Run | Yrd Mat Sub Active Infowar (turns) 880 | 102 778 . Seismic 880 | 102 778 . Robot Analysis Total . | . . . Derelict Logs Recovered 1 | . . 1 Drone Launches . | . . . Drone Recoveries . | . . . Exploration | -11 -10 -10 ------------- Run | Yrd Mat Sub Turns Passed 2133 | 191 790 1152 Spaces Moved 1050 | 96 294 660 Core 14 | 14 . . Treads 1031 | 77 294 660 Legs . | . . . Wheels 5 | 5 . . Hover . | . . . Flight . | . . . Fastest Speed 50 | 50 160 160 Average Speed 159 | 155 160 160 Slowest Speed 200 | 200 160 160 Overloaded Moves . | . . . Propulsion Burnouts . | . . . Robots Hopped . | . . . Potential Cave-ins . | . . . Cave-ins Triggered . | . . . Exploration Rate (%) 41 | 5 61 57 Regions Visited 2 Branch Regions 1 Pre-discovered Areas 1 | . . 1 Known Exits Taken . | . . . Unknown Exits Taken 2 | 1 1 . Scrap Searched . | . . . Spaces Dug . | . . . Terrain Destroyed 114 | . 20 94 Melee . | . . . Projectile . | . . . AOE 114 | . 20 94 Terrain Rammed . | . . . Walls Destroyed . | . . . Machines Disabled . | . . . Actions | -11 -10 -10 --------- Run | Yrd Mat Sub Total 1397 | 116 568 713 Wait 252 | . 237 15 Move 1048 | 95 293 660 Hop . | . . . Pick Up 9 | 2 6 1 Fast Attach 12 | 8 1 3 Attach 5 | . 2 3 Detach 3 | 1 2 . Swap 3 | 1 1 1 Drop 4 | . 2 2 Fire 61 | 9 24 28 Melee . | . . . Ram . | . . . Kick . | . . . Crush . | . . . Escape Stasis . | . . . Rewire . | . . . Trap . | . . . Miscellaneous . | . . . Route ------- -11/Scrapyard -10/Materials (discovered 4 exits: [*Mat x2] / [*Min] / *Sub) -10/Subcaves (discovered 1 exit: Rec) History --------- Turn | Location | Event 40 | -11/Scrapyard | Discovered new exit (range 15) 192 | -11/Scrapyard | Entered Materials 305 | -10/Materials | Build established: Mutant 331 | -10/Materials | Discovered new exit (range 8) 576 | -10/Materials | Discovered new exit (range 7) 713 | -10/Materials | Discovered new exit (range 12) 772 | -10/Materials | Discovered new exit (range 7) 965 | -10/Materials | Prayed at D.C.S.S. Altar Unit 982 | -10/Materials | Entered Subcaves 988 | -10/Subcaves | Ambushed by Subdwellers from Twisted Machinery 1019 | -10/Subcaves | EX resistance permanently improved by X0-1V1 (+10%; -100 max core) 1038 | -10/Subcaves | X0-1V1 sent hostile S-10 Pest (x3) 1076 | -10/Subcaves | X0-1V1 activates XOMVISION 1392 | -10/Subcaves | Identified exit to Recycling 1392 | -10/Subcaves | X0-1V1 revealed exit location to -8/Recycling 1422 | -10/Subcaves | X0-1V1 activates XOMVISION 1473 | -10/Subcaves | Learned location of Storage (-8) 1513 | -10/Subcaves | X0-1V1 mutated your Weapon slot to Power slot 1645 | -10/Subcaves | X0-1V1 sent hostile G-34 Mercenary (x5) 1768 | -10/Subcaves | X0-1V1 sent hostile G-34 Mercenary (x5) 1791 | -10/Subcaves | Core integrity fell below 50% 1823 | -10/Subcaves | Lost 4 parts (1p1n1u1w) 2018 | -10/Subcaves | Visited 4L-MR0's lab 2118 | -10/Subcaves | Core integrity fell below 20% 2134 | -10/Subcaves | Destroyed by V3-D6O(R) with Subdweller Beam Cannon Last Messages --------------- 02025_ Connecting with 4L-MR0's Prototype Logs... 02025_ Current location identified: Subcaves >>Proto ID Catalog Downloading prototype IDs... Meta Core Arachnoskeleton Cargo Legs Tripod Weapons Platform Maxwheels Hoverbase Flightbrick Gun Armor Tower Shield Power Bank Rainbow Chip Procsplitter VL-GR5's Exoskeleton "Deathgrip" Powered Cannon 02134_ X0-1V1 cackles wildly! Map ----- +----------------------------------------------------+ | ???????????????????????## "#???????????????? | | ???????????????????????# ## ##???????????????? | | ?????????????????????###" "#######??????????????? | | ???????????????####### " ### ####?????###???? | | ??????????????## # ##???## ##### | | ??????????????# ######## #??## ## | | ??????????????# ##??# #### | | ??????????????# ### #?## | | ??????????????###?# ### | | ??????????????????# | | ??????????????????# ## ## | | ?????????????????## ### ## ### | | ?????????????????# #?#### #### | | ?????????????????## ## #????# #?? | | ??????????????????## ### #????# #? | | ???????????????????# #?# #???? ####? | | ???????????????????# ##?# ??? #???? | | ??????????????????## #?# ### ??? ???? | | ?????????????????## ## ####??###??### ???? | | ?????????????????# ###?????????????## ??? | | ?????????????????# ##????????????????### ??? | | ?????????????????# ##????????????????????# ?? | | ?????????????????# ##????????????????????? ??? | | ?????????????????# ##???????????????????????? | | ?????????????????# ##??????????????????????? | | ?????????????????#### @#??????????????????????? | | ????????????????????# [ ???????????????? | | ???????????????????# &R " ????????????? | | ?????????????????# ### " ????????????? | | ????????????????# ??# " ????????????? | | ????????????????## ?? " ????????????? | | ?????????????????# ?? ###" ????????????? | | ?????????????????# ? #??? ????????????? | | ?????????????????# #? ##????????????????? | | ????????????????? ??####### ##?????????????????? | | ????????????????? ?????????##??????????????????? | | ????????????????# ??????????????????????????????? | | ????????????????## ??????????????????????????????? | | ?????????????????????????????????????????????????? | | ?????????????????????????????????????????????????? | | ?????????????????????????????????????????????????? | | ?????????????????????????????????????????????????? | | ?????????????????????????????????????????????????? | | ?????????????????????????????????????????????????? | | ?????????????????????????????????????????????????? | | ?????>???????????????????????????????????????????? | | ?????????????????????????????????????????????????? | | ?????????????????????????????????????????????????? | | ?????????????????????????????????????????????????? | | ?????????????????????????????????????????????????? | +----------------------------------------------------+ Best States ------------- Heat Dissipation 25 Energy Generation 15 Energy Capacity 150 Matter Stores 300 Matter Capacity 700 Sight Range 16 Terrain Scan Density 10 Resistance: EX 10 Evasion (%) 40 Recoil Reduction 2 Item Schematics ----------------- None Robot Schematics ------------------ None Fabricated ------------ Nothing Repaired ---------- Nothing Studied --------- None Alien Tech Used ----------------- None Achievements -------------- None Challenges ------------ None Game ------ Seed VoltaicTeleporterJetlance Manual? 0 Play Time 00:13:23 Cumulative 145.0 hours Start 2026.07.30 @ 21:54:39 End 2026.07.30 @ 22:03:18 Sessions 1 Manual Loads 0 Difficulty Rogue Special Mode None Game No. 298 Rogue 298 Adventurer 0 Explorer 0 Win Type - Total 1 Types 1/0/0/0/0/0/0/0/0/0 Lore% 56 Gallery% 56 Achievement% 44 Wizard Run 0 Options --------- Layout 1 ASCII 0 Keyboard 1 Movement Arrows Keybinds 0 Fullscreen 2 Font 24/Smallcaps Map View 50x35 Zoom Use 0% Tactical HUD 1 Map Filters NONE Filters NONE Steam 1 RUN: d12d38a8-0424-411a-a060-dfa4366cdd5f